 Dungeon Crawl Stone Soup version 0.28.0-43-g3370ac3207 (webtiles) character file.

Game seed: 984268319866902063

11 ZappyNine the Skirmisher (level 2, 0/25 HPs)
             Began as a Djinni Cinder Acolyte on Mar 13, 2022.
             Was a High Priest of Ignis.
             Frozen to death by an endoplasm (6 damage)
             ... on level 1 of the Dungeon.
             The game lasted 00:00:18 (477 turns).

ZappyNine the Skirmisher (Djinni Cinder Acolyte)     Turns: 477, Time: 00:00:19

Health: 0/25       AC:  2    Str: 13    XL:     2   Next: 40%
Gold:   11         EV: 11    Int: 15    God:    Ignis [*****.] SH:  0 Dex:  8

rFire   + + +      SeeInvis .   a - -1 spear (flame)
rCold   x . .      Faith    .   (no shield)
rNeg    . . .      Spirit   .   b - +0 robe
rPois   ∞          Reflect  .   (no helmet)
rElec   .          Harm     .   (no cloak)
rCorr   .          Rampage  .   (no gloves)
Will    .....                   (boots unavailable)
Stlth   +.........              (no amulet)
HPRegen 0.08/turn               (no ring)
MPRegen 0.00/turn               (no ring)

@: flying
A: sickness immunity, fire resistance 2, cold vulnerability 1, float, innate
caster, HP casting, extra vitality 1
a: Renounce Religion, Fiery Armour, Foxfire Swarm, Rising Flame


You were on level 1 of the Dungeon.
You worshipped Ignis.
Ignis was extremely pleased with you.
You visited 1 branch of the dungeon, and saw 1 of its levels.

You collected 11 gold pieces.

Inventory:

Hand Weapons
 a - a -1 spear of flaming (weapon)
Armour
 b - a +0 robe (worn)
Scrolls
 d - a scroll of identify {unknown}
Potions
 c - a potion of heal wounds {unknown}


   Skills:
 + Level 3.2 Fighting
 - Level 2.4 Polearms
 + Level 2.7 Spellcasting


You had 4 spell levels left.
You knew the following spells:

 Your Spells              Type           Power      Damage    Failure   Level
a - Scorch                Fire           20%        2d6       10%         2
Your spell library was empty.

Dungeon Overview and Level Annotations

Branches:
Dungeon (1/15)

Altars:


Innate Abilities, Weirdness & Mutations

You are immune to sickness and miasma.
You are immune to poison.
Your flesh is very heat resistant. (rF++)
You are vulnerable to cold. (rC-)
You float through the air rather than walking.
You learn spells naturally, not from books.
Your magical power is your life essence.
You have superior vitality. (+4 MHP)


Message History

You hit the quokka but do no damage. The quokka barely misses you.
You barely miss the quokka. The quokka misses you.
You closely miss the quokka. The quokka bites you.
The quokka closely misses you.
You are too injured to fight recklessly!
You are too injured to fight recklessly!
You are too injured to fight recklessly!
You are too injured to fight recklessly!
You are too injured to fight recklessly!
You are too injured to fight recklessly!
You are too injured to fight recklessly!
You are too injured to fight recklessly!
You are too injured to fight recklessly!
You are too injured to fight recklessly!
You are too injured to fight recklessly!
You are too injured to fight recklessly!
You are too injured to fight recklessly!
You are too injured to fight recklessly!
Unknown command.
Casting: Scorch (safe; 11% risk of failure)
Confirm with . or Enter, or press ? or * to list all spells.
Flames lash the quokka.
The quokka is heavily wounded.
The quokka's fire resistance burns away.
The quokka bites you but does no damage.
Unknown command.
Casting: Scorch (safe; 11% risk of failure)
Confirm with . or Enter, or press ? or * to list all spells.
Flames lash the quokka.
The quokka is burned terribly!
You kill the quokka!
Unknown command.
Casting: Scorch (safe; 10% risk of failure)
Confirm with . or Enter, or press ? or * to list all spells.
Flames lash the endoplasm.
The endoplasm is heavily wounded.
The endoplasm's fire resistance burns away.
* * * LOW HITPOINT WARNING * * *
The endoplasm freezes you.
You are frozen.
You feel a terrible chill!
You die...

.### ...# .#.# #♣♣♣♣♣
##.# #♣....♣ ...#
♣.♣.... ...# ♣♣.....
...# #### ♣♣....♣♣
:..###############....#
#♣...♣♣♣♣
................@J....#
#....♣
...###############....#
#...♣#### ...# ...#
#..♣♣#... ...#
..##♣..♣##..<
##.###########
###..♣♣#....
#..........^[ ♣..♣
#.... #############
♣..####### #♣♣.♣#......
#...##......


You could see an endoplasm (combustible).

Vanquished Creatures
  An endoplasm (D:1)
  A goblin (D:1)
  4 jackals (D:1)
  2 quokkas (D:1)
  A bat (D:1)
9 creatures vanquished.

Notes
Turn   | Place    | Note
-------+----------+-------------------------------------------
     0 | D:1      | ZappyNine the Djinni Cinder Acolyte began the quest for the
                  | Orb.
     0 | D:1      | Reached XP level 1. HP: 20/20 MP: 0/0
    75 | D:1      | Reached XP level 2. HP: 14/25 MP: 0/0
   477 | D:1      | Frozen to death by an endoplasm

Illustrated notes

Levels and vault maps discovered:
D:1:      sevenhm_arrival_forest_fort_large_3, layout_basic, feat_on_display

Action                   || total
-------------------------++-------
Melee: Spear             ||    30
 Cast: Scorch            ||     6
Armor: Robe              ||    10
Dodge: Dodged            ||    25
